Map: Ley Lines

Players

kitune

  • Race: Zerg Zerg
  • Spawn Location: 7:00

Zami - Winner!

  • Race: Zerg Zerg
  • League: Gold
  • Spawn Location: 1:00

syo - Winner!

  • Race: Zerg Zerg

VOD

Have the link to the VOD?

Description

Time

  • Played on: May 5, 2025, 10:17 a.m.
  • Length: 11:57
Show
View Real Time Build Order
Export as new Build Order

kitune Zerg 

Build Orders: Pool First 

Get SALT Encoding   

  12  0:01  Drone  
  13  0:13  Overlord  
  13  0:20  Drone  
  14  0:32  Drone x2  
  16  0:42  Spawning Pool  
  15  0:46  Drone  
  15  0:48  Drone  
  17  1:10  Drone, Hatchery  
  17  1:17  Extractor  
  16  1:30  Zergling x6  
  19  1:34  Queen  
  21  1:43  Overlord  
  21  1:52  Drone  
  22  2:15  Queen  
  21  2:23  Drone  
  21  2:24  Drone x2  
  21  2:27  Queen  
  26  2:32  Zergling x2  
  26  2:35  Zergling x2  
  28  2:37  Zergling x2  
  26  2:54  Zergling x8  
  29  3:16  Queen  
  31  3:23  Zergling x8  
  35  3:28  Drone  
  36  3:39  Overlord  
  36  3:41  Metabolic Boost  
  36  3:56  Overlord  
  36  4:03  Drone x3  
  36  4:04  Drone  
  40  4:17  Baneling Nest  
  40  4:18  Drone  
  40  4:19  Drone  
  41  4:31  Zergling x6  
  35  4:32  Zergling x2  
  38  4:40  Drone  
  38  4:45  Extractor  
  38  4:47  Extractor  
  37  4:55  Roach Warren  
  36  5:10  Evolution Chamber  
  35  5:25  Drone  
  35  5:26  Drone x3, Evolution Chamber  
  35  5:28  Drone x3  
  40  5:30  Drone x2  
  40  5:32  Overlord  
  43  6:23  Evolution Chamber  
  42  6:26  Drone x9  
  42  6:32  Overlord x3  
  51  6:41  Lair  
  51  6:48  Zerg Missile Weapons Level 1  
  51  6:57  Roach  
  51  6:58  Roach x4  
  61  7:09  Drone  
  61  7:14  Roach x2  
  61  7:15  Roach x4  
  74  7:19  Zerg Ground Armor Level 1  
  74  7:37  Overlord x2  
  74  7:43  Glial Reconstitution  
  74  7:54  Overlord  
  74  7:57  Roach x5  
  84  8:05  Queen  
  84  8:06  Overlord x2  
  84  8:08  Roach  
  88  8:26  Hydralisk Den  
  87  8:27  Overlord  
  87  8:29  Drone  
  87  8:30  Spore Crawler  
  87  8:37  Roach  
  87  8:38  Roach x5  
  99  8:46  Drone  
  100  8:50  Overlord x2  
  100  8:57  Muscular Augments  
  100  9:00  Hydralisk x2  
  104  9:25  Extractor  
  104  9:27  Hydralisk  
  104  9:28  Hydralisk x5  
  115  9:41  Hydralisk  
  115  9:42  Hydralisk x3  
  123  10:01  Grooved Spines  
  117  10:30  Hydralisk  
  117  10:31  Hydralisk x2  
  117  10:34  Overlord x3  
  114  11:04  Drone  
  114  11:05  Drone x2  
  114  11:06  Hydralisk  
  114  11:07  Hydralisk x7  
  114  11:09  Hatchery  
Show
View Real Time Build Order
Export as new Build Order

Zami Zerg - Winner!

Build Orders: 1 Base Baneling Bust, Pool First 

Get SALT Encoding   

  12  0:00  Drone  
  13  0:16  Extractor  
  13  0:18  Drone  
  13  0:32  Spawning Pool  
  13  0:34  Drone  
  13  0:44  Drone  
  13  0:46  Overlord  
  14  1:05  Drone  
  15  1:19  Zergling x2  
  15  1:22  Metabolic Boost  
  15  1:24  Queen  
  18  1:34  Zergling x4  
  18  1:37  Zergling x2  
  21  1:53  Zergling x2  
  22  1:58  Baneling Nest  
  22  2:00  Zergling x2  
  20  2:23  Zergling x2  
  20  2:25  Overlord  
  21  2:36  Overlord  
  21  2:44  Zergling x6  
  24  3:03  Zergling x4  
  24  3:13  Hatchery  
  24  3:18  Queen  
  25  3:34  Overlord  
  25  3:36  Zergling x8  
  28  4:07  Drone x3  
  31  4:25  Drone  
  31  4:26  Drone  
  31  4:30  Queen  
  29  4:32  Drone  
  28  4:43  Roach Warren  
  27  4:50  Lair  
  27  5:01  Drone x3  
  30  5:13  Drone x3  
  33  5:14  Drone x2  
  35  5:23  Evolution Chamber  
  35  5:27  Spine Crawler  
  33  5:29  Drone  
  33  5:30  Drone x2  
  36  5:39  Extractor  
  36  5:42  Drone x3  
  38  5:58  Evolution Chamber  
  37  6:09  Drone x3  
  40  6:21  Spire  
  40  6:24  Drone x2  
  41  6:25  Drone  
  42  6:37  Hatchery  
  41  6:40  Drone x5  
  41  6:41  Drone  
  41  6:45  Zergling x6  
  50  6:47  Overlord x2  
  50  7:01  Zerg Melee Weapons Level 1  
  50  7:02  Zerg Missile Weapons Level 1  
  50  7:16  Drone x2  
  50  7:17  Drone  
  53  7:33  Mutalisk x2  
  57  7:39  Extractor  
  57  7:40  Drone  
  57  7:52  Overlord  
  57  7:53  Mutalisk  
  57  7:54  Roach  
  61  8:16  Queen  
  61  8:17  Hatchery  
  61  8:18  Queen  
  64  8:22  Mutalisk x2  
  64  8:24  Overlord x2  
  64  8:26  Overlord  
  68  8:36  Drone x2  
  68  8:37  Drone  
  68  8:38  Drone x2  
  68  8:40  Extractor  
  72  8:44  Drone x3  
  75  8:52  Mutalisk  
  75  8:53  Mutalisk x2, Queen  
  83  9:10  Drone x2  
  83  9:11  Drone  
  86  9:23  Mutalisk  
  88  9:24  Overseer  
  88  9:39  Glial Reconstitution  
  88  9:42  Zerg Flyer Weapons Level 1  
  88  9:47  Mutalisk  
  90  9:53  Extractor  
  89  10:02  Drone x3  
  91  10:16  Drone x3  
  91  10:18  Zergling x2  
  91  10:19  Drone, Zergling x2  
  91  10:20  Zergling x4  
  98  10:24  Hatchery  
  98  10:27  Zergling x2  
  96  10:33  Mutalisk x2  
  82  10:45  Spine Crawler  
  69  10:54  Roach x2  
  69  10:57  Roach x4  
  70  10:58  Roach x7  
  70  10:59  Roach x3  
  70  11:04  Zergling x6  
Show
View Real Time Build Order
Export as new Build Order

syo Zerg - Winner!

Build Orders:  

Get SALT Encoding   

Tags
 
Add a new tag
Caveats
  • Supply blocks, unpowered buildings, or Contaminate may cause inaccurate times.
  • Supply counts are checked every 10 seconds.